 Dungeon Crawl Stone Soup version 0.25-a0-517-gf8b3a32422 (webtiles) character file.

Game seed: 14441307688317129933, levelgen mode: deterministic

2074 drasked the Destroyer (level 9, -2/47 HPs)
             Began as a Deep Elf Wizard on Feb 17, 2020.
             Was a Follower of Vehumet.
             Killed from afar by an electric eel (9 damage)
             ... with a bolt of electricity
             ... on level 6 of the Dungeon.
             The game lasted 00:41:24 (9504 turns).

drasked the Destroyer (Deep Elf Wizard)             Turns: 9504, Time: 00:41:25

Health: -2/47      AC:  4    Str:  4    XL:     9   Next: 6%
Magic:  11/21      EV: 13    Int: 27    God:    Vehumet [*.....]
Gold:   354        SH:  0    Dex: 13    Spells: 7/22 levels left

rFire    . . .     SeeInvis .   m - +2 spear (venom)
rCold    . . .     Gourm    .   (no shield)
rNeg     . . .     Faith    .   a - +0 robe
rPois    .         Spirit   .   b - +0 hat
rElec    .         Reflect  .   v - +0 cloak
rCorr    .         Harm     .   (no gloves)
MR       .....                  j - +0 pair of boots
Stlth    ++........             (no amulet)
HPRegen  0.15/turn              (no ring)
MPRegen  0.17/turn              (no ring)

@: no status effects
A: no striking features
a: Renounce Religion


You were on level 6 of the Dungeon.
You worshipped Vehumet.
Vehumet was aware of your devotion.
You were not hungry.

You visited 2 branches of the dungeon, and saw 8 of its levels.

You collected 354 gold pieces.

Inventory:

Hand Weapons
 m - a +2 spear of venom (weapon)
   (You took it off a gnoll on level 2 of the Dungeon)
Armour
 a - a +0 robe (worn)
 b - a +0 hat (worn)
 j - a +0 pair of boots (worn)
   (You found it on level 1 of the Dungeon)
 v - a +0 cloak (worn)
   (You found it on level 5 of the Dungeon)
 z - a +2 kite shield
   (You found it on level 5 of the Dungeon)
Wands
 s - a wand of disintegration (19)
   (You found it on level 5 of the Dungeon)
 y - a wand of enslavement (9)
   (You found it on level 5 of the Dungeon)
Scrolls
 g - a scroll of enchant armour {unknown}
 i - 2 scrolls of identify
 k - a scroll of amnesia {unknown}
 p - a scroll of immolation {unknown}
 q - a scroll of fog {unknown}
 t - 3 scrolls of teleportation
 w - 4 scrolls of remove curse
 B - a scroll of blinking {!r!r}
Potions
 c - 2 potions of brilliance
 d - 2 potions of might
 h - 2 potions of haste
 l - a potion of mutation {unknown}
 n - 2 potions of flight
 o - a potion of degeneration {unknown}
 r - a potion of resistance {unknown}
 u - 2 potions of cancellation
Comestibles
 e - 7 rations


   Skills:
 - Level 1.3 Fighting
 - Level 2.4 Dodging
 - Level 2.4 Stealth
 - Level 7.0 Spellcasting
 + Level 8.9 Conjurations
 - Level 6.0 Summonings
   Level 1.1 Translocations
 + Level 4.2 Air Magic
 - Level 2.0 Poison Magic


You had 7 spell levels left.
You knew the following spells:

 Your Spells              Type           Power        Failure   Level  Hunger
a - Magic Dart            Conj           ####         1%          1    None
b - Lightning Bolt        Conj/Air       #####.....   11%         5    #####..
c - Call Imp              Summ           #####...     1%          2    None
d - Airstrike             Air            ####......   11%         4    ###....
x - Mephitic Cloud        Conj/Pois/Air  #####...     2%          3    None

Your spell library contained the following spells:

 Spells                   Type           Power        Failure   Level  Hunger
 Searing Ray              Conj           ######       1%          2    None
 Shock                    Conj/Air       ####         1%          1    None
 Static Discharge         Conj/Air       #####...     1%          3    None
 Conjure Flame            Conj/Fire      ####....     2%          3    None
 Swiftness                Chrm/Air       ###.....     3%          2    None
 Blink                    Tloc           N/A          5%          2    None
 Slow                     Hex            #.......     9%          2    None


Dungeon Overview and Level Annotations

Branches:
Dungeon (7/15)             Temple (1/1) D:4

Altars:
Ashenzari
Cheibriados
Fedhas
Gozag
Hepliaklqana
Makhleb
Nemelex Xobeh
Qazlal
Sif Muna
Trog
Uskayaw
Vehumet
Wu Jian
Xom
Zin
The Shining One

Shops:
D:5 [

Annotations:
D:3 Eustachio


Message History

t - Shout!
Orders for allies: a - Attack new target. r - Retreat! s - Stop attacking. g - Guard the area. f - Follow me.
Anything else - Cancel.
You shout for attention!
What are your orders? t - Shout!
Orders for allies: a - Attack new target. r - Retreat! s - Stop attacking. g - Guard the area. f - Follow me.
Anything else - Cancel.
You shout for attention!
What are your orders? t - Shout!
Orders for allies: a - Attack new target. r - Retreat! s - Stop attacking. g - Guard the area. f - Follow me.
Anything else - Cancel.
You shout for attention!
The electric eel shoots out a bolt of lightning at you!
The bolt of electricity misses you. What are your orders? t - Shout!
Orders for allies: a - Attack new target. r - Retreat! s - Stop attacking. g - Guard the area. f - Follow me.
Anything else - Cancel.
You shout for attention!
The electric eel shoots out a bolt of lightning at you!
The bolt of electricity hits you!
The ball explodes into a vile cloud!
The stinking cloud engulfs the electric eel but does no damage.
You hear an angry hiss.
Aim: an electric eel (noxious fumes, water)
The magic dart hits the electric eel.
The electric eel is engulfed in noxious fumes.
The electric eel appears confused.
The electric eel flops around on dry land!
Aim: an electric eel (noxious fumes, lightly wounded, confused)
The magic dart hits the electric eel!
The electric eel is engulfed in noxious fumes.
The electric eel dives back into the water!
Aim: an electric eel (noxious fumes, water, severely wounded, confused)
The magic dart hits the electric eel!
You kill the electric eel!
You feel your power returning.
You start resting.
The electric eel is too close now for your liking.
Aim: an electric eel (water, hasn't noticed you)
The ball explodes into a vile cloud!
The stinking cloud engulfs the electric eel but does no damage.
You hear an angry hiss.
The electric eel is engulfed in noxious fumes.
The electric eel shoots out a bolt of lightning at you!
The bolt of electricity hits you!
Aim: an electric eel (noxious fumes, water, lightly wounded)
The magic dart hits the electric eel.
The electric eel is engulfed in noxious fumes.
The electric eel appears confused.
The electric eel flops around on dry land!
Aim: an electric eel (noxious fumes, moderately wounded, confused)
The magic dart hits the electric eel but does no damage.
The electric eel is engulfed in noxious fumes.
The electric eel appears confused.
The electric eel dives back into the water!
Aim: an electric eel (water, severely wounded, confused)
The magic dart hits the electric eel!
You kill the electric eel!
You feel your power returning.
You start resting.
An electric eel comes into view.
Aim: an electric eel (water, hasn't noticed you)
The ball explodes into a vile cloud!
The stinking cloud engulfs the electric eel but does no damage.
The electric eel is engulfed in noxious fumes.
The electric eel appears confused.
Aim: an electric eel (lightly wounded, confused)
The magic dart hits the electric eel!
Aim: an electric eel (water, heavily wounded, confused)
The magic dart hits the electric eel but does no damage.
Aim: an electric eel (heavily wounded, confused)
The magic dart hits the electric eel.
Aim: an electric eel (severely wounded, confused)
The magic dart hits the electric eel!
You kill the electric eel!
An electric eel comes into view.
Aim: an electric eel (water, hasn't noticed you)
The magic dart hits the electric eel but does no damage.
The electric eel shoots out a bolt of lightning at you!
The bolt of electricity hits you!
* * * LOW HITPOINT WARNING * * *
The bolt of electricity hits you!
* * * LOW HITPOINT WARNING * * *
The electric eel shoots out a bolt of lightning at you!
The bolt of electricity hits you!
* * * LOW HITPOINT WARNING * * *
The electric eel shoots out a bolt of lightning at you!
The bolt of electricity hits you!
You die...

#.#### ###......÷..
#.##.####...........
######.#.......#####.....
....................###..#
#########...##...)..).....
#...##.......)....
#...........###.#.
#..###..###.##.#.. #@.#
#..# #.#.#.## #.##
#..###..##.# #.#
#..##..).#.## #.#
#..#.###..#.. #.# #..#.#
#.#.#. #.####..#.###.#.#.
#######.#.....##....#>#.
≈≈≈...;..≈.≈≈.≈5≈≈.≈....
≈≈.≈≈≈≈;≈≈≈≈≈≈.≈≈≈≈≈≈###


You could see an electric eel.

Levels and vault maps discovered:
D:1:      arrival_aquarium_a, layout_loops_cross, minmay_misc_feat_chi
D:2:      layout_basic, first_ration,
          nicolae_gozag_cash_rules_everything_around_me, uniq_robin,
          uniq_natasha
D:3:      layout_basic, grunt_temple_overflow_order_and_chaos_1,
          grunt_ministairs_1, nemelex_xobeh_ov_fountains_minmay
D:4:      layout_rooms, overflow_temple_1_default, evilmike_ruin_ashenzari,
          minmay_temple_entry_enclosed_plants, uniq_eustachio
D:5:      kennysheep_big_flooded_room, layout_rooms, serial_shops,
          nicolae_shop_waterfront
D:6:      layout_loops_ring, dancing_weapons_uskayaw, kennysheep_boxes,
          uniq_grinder
D:7:      layout_cave_pools, nicolae_overflow_hidden_temple, kennysheep_mini,
          due_unseen_surprise
Temple:   minmay_temple_curvy_loop

Notes
Turn   | Place    | Note
-------+----------+-------------------------------------------
     0 | D:1      | drasked the Deep Elf Wizard began the quest for the Orb.
     0 | D:1      | Reached XP level 1. HP: 10/10 MP: 7/7
     6 | D:1      | Noticed an electric eel
    16 | D:1      | Identified a cursed +0 dagger
   115 | D:1      | Identified a +0 dagger
   117 | D:1      | Reached skill level 2 in Conjurations
   160 | D:1      | Identified a +0 club
   166 | D:1      | Reached XP level 2. HP: 15/15 MP: 2/9
   336 | D:1      | Identified a +0 dagger
   364 | D:1      | Identified a +0 club
   428 | D:1      | Identified a +0 club
   429 | D:1      | Reached skill level 3 in Conjurations
   532 | D:1      | Identified a +0 pair of boots (You found it on level 1 of
                  | the Dungeon)
   594 | D:1      | Identified a +0 short sword
   753 | D:1      | Reached XP level 3. HP: 18/19 MP: 8/10
  1077 | D:2      | Learned a level 3 spell: Mephitic Cloud
  1231 | D:2      | Reached XP level 4. HP: 24/24 MP: 3/12
  1326 | D:2      | Reached skill level 1 in Poison Magic
  1446 | D:2      | Found an opulent altar of Gozag.
  1505 | D:2      | Identified a +0 short sword
  1507 | D:2      | Reached skill level 1 in Air Magic
  1526 | D:2      | Identified a +0 club
  1526 | D:2      | Identified a +0 animal skin
  1526 | D:2      | Identified a +0 helmet
  1526 | D:2      | Noticed Robin
  1526 | D:2      | Identified a +0 club
  1526 | D:2      | Identified a +0 club
  1526 | D:2      | Identified a +0 club
  1526 | D:2      | Identified a +0 club
  1526 | D:2      | Identified a +0 dagger
  1526 | D:2      | Identified a +0 hunting sling
  1527 | D:2      | Identified a +0 dagger
  1531 | D:2      | Identified a +0 dagger
  1573 | D:2      | Identified a scroll of teleportation
  1573 | D:2      | HP: 3/24 [adder (4)]
  1574 | D:2      | Identified 2 potions of curing
  1575 | D:2      | Identified 2 potions of flight
  1577 | D:2      | Identified a +0 dagger
  1837 | D:2      | Identified a +0 dagger
  1855 | D:2      | Identified a +0 whip
  1856 | D:2      | Identified a +0 spear
  1857 | D:2      | Identified a +0 whip
  1857 | D:2      | Identified a +0 flail
  1901 | D:2      | Noticed Natasha
  1902 | D:2      | Reached skill level 1 in Fighting
  2113 | D:3      | Identified a +0 club
  2142 | D:3      | Identified a +0 club
  2172 | D:3      | Identified a +0 club
  2214 | D:3      | Identified a +0 short sword
  2214 | D:3      | Identified a +0 flail
  2221 | D:3      | Identified a +0 flail
  2222 | D:3      | Reached skill level 4 in Conjurations
  2256 | D:3      | Reached XP level 5. HP: 29/29 MP: 0/13
  2490 | D:3      | Identified a +0 dagger
  2594 | D:3      | Identified a +0 club
  2642 | D:3      | Identified a +0 club
  2642 | D:3      | Identified a +0 club
  2701 | D:3      | Identified a +0 club
  2884 | D:3      | Identified a +0 club
  2897 | D:3      | Reached skill level 2 in Poison Magic
  3058 | D:3      | Found a glowing silver altar of Zin.
  3058 | D:3      | Found a shimmering altar of Xom.
  3058 | D:3      | Identified a +2 sacred scourge of holy wrath
  3058 | D:3      | Identified a +0 robe
  3058 | D:3      | Noticed an angel
  3166 | D:3      | Found a sparkling altar of Nemelex Xobeh.
  3347 | D:3      | Reached skill level 2 in Air Magic
  3477 | D:2      | Killed Natasha
  3642 | D:2      | Identified a +0 dagger
  3644 | D:2      | Noticed Natasha
  3652 | D:2      | Killed Natasha
  3652 | D:2      | Reached skill level 5 in Conjurations
  3790 | D:2      | Killed Robin
  3900 | D:2      | Identified a +0 club
  3906 | D:2      | Reached XP level 6. HP: 34/34 MP: 3/14
  4084 | D:2      | Identified a +0 halberd
  4085 | D:2      | Identified a +0 spear
  4086 | D:2      | Identified a +2 spear of venom
  4088 | D:2      | Identified a +0 club
  4338 | D:2      | Noticed Natasha
  4346 | D:2      | Killed Natasha
  4524 | D:2      | Identified a +0 short sword
  4526 | D:2      | Reached skill level 6 in Conjurations
  4760 | D:4      | Found a burning altar of Makhleb.
  4932 | D:4      | Identified a +0 falchion
  4932 | D:4      | Identified a +3 leather armour of poison resistance
  4932 | D:4      | Noticed Eustachio
  4978 | D:4      | Identified a +0 giant spiked club
  5075 | D:4      | Found a shattered altar of Ashenzari.
  5075 | D:4      | Identified a +0 mace
  5075 | D:4      | Identified a +0 leather armour
  5075 | D:4      | Identified a +0 mace
  5116 | D:4      | Reached skill level 7 in Conjurations
  5116 | D:4      | Reached XP level 7. HP: 32/38 MP: 9/15
  5125 | D:4      | Identified a +0 mace
  5125 | D:4      | Identified a +0 leather armour
  5408 | D:4      | Found a staircase to the Ecumenical Temple.
  5414 | Temple   | Entered the Ecumenical Temple
  5625 | Temple   | Became a worshipper of Vehumet
  5716 | D:4      | Identified a +0 leather armour
  6090 | D:2      | Learned a level 2 spell: Call Imp
  6307 | D:5      | Entered Level 5 of the Dungeon
  6326 | D:5      | Identified a +0 dagger
  6326 | D:5      | Identified a +0 chain mail
  6330 | D:5      | Identified a +0 whip
  6330 | D:5      | Identified a +0 chain mail
  6338 | D:5      | Identified a +0 flail
  6381 | D:5      | Identified a +0 dagger
  6381 | D:5      | Identified a +0 robe
  6391 | D:5      | Reached skill level 2 in Summonings
  6557 | D:5      | Reached skill level 3 in Summonings
  6565 | D:5      | Noticed a yak
  6686 | D:5      | HP: 5/38 [yak (16)]
  6686 | D:5      | HP: 1/38 [worker ant zombie (4)]
  6950 | D:5      | Killed a yak
  6950 | D:5      | Reached skill level 4 in Summonings
  6976 | D:5      | Reached skill level 5 in Summonings
  7193 | D:5      | Identified a +0 giant club
  7204 | D:5      | Reached XP level 8. HP: 43/43 MP: 12/16
  7208 | D:5      | Reached * piety under Vehumet
  7208 | D:5      | Offered knowledge of Sandblast by Vehumet.
  7353 | D:5      | Found Tuveloef's Armour Shoppe.
  7353 | D:5      | Identified a +0 shortbow
  7655 | D:5      | Reached skill level 6 in Summonings
  7738 | D:5      | Identified a +0 cloak (You found it on level 5 of the
                  | Dungeon)
  7826 | D:6      | Reached skill level 5 in Spellcasting
  7946 | D:6      | Identified a +0 dagger
  7946 | D:6      | Identified a +0 chain mail
  7959 | D:6      | Identified a +0 trident
  7959 | D:6      | Identified a +0 plate armour
  7960 | D:6      | Identified a cursed -3 hand axe
  8124 | D:6      | Noticed Grinder
  8133 | D:6      | Found a hide-covered altar of Uskayaw.
  8136 | D:6      | Identified a +0 dagger
  8136 | D:6      | Noticed a +0 dagger
  8136 | D:6      | Identified a +0 hand axe
  8136 | D:6      | Noticed a +0 hand axe
  8138 | D:6      | Identified a +0 club
  8197 | D:6      | Killed Grinder
  8197 | D:6      | Reached skill level 6 in Spellcasting
  8197 | D:6      | Reached skill level 8 in Conjurations
  8197 | D:6      | Reached skill level 3 in Air Magic
  8375 | D:6      | Identified a +0 spear
  8381 | D:6      | Identified a +0 club
  8381 | D:6      | Identified a +0 spear
  8381 | D:6      | Identified a +0 ring mail
  8381 | D:6      | Identified a +0 kite shield
  8388 | D:6      | Identified a +1 vampiric whip
  8413 | D:6      | meem: I'm meem, an infobot run by MalcolmRoseGaming: Type
                  | !submeem to keep me in your games; !nomeem to shut me up
                  | forever; !meem for help; !whymeem if you want to know why
                  | meem exists. Visit http://youtube.com/malcolmrosegaming for
                  | more DCSS content.
  8741 | D:5      | Identified 5 scrolls of identify
  8741 | D:5      | Identified 2 potions of brilliance
  8742 | D:5      | Identified 2 potions of might
  8743 | D:5      | Identified 2 potions of cancellation
  8744 | D:5      | Identified 2 potions of haste
  8745 | D:5      | Identified 2 scrolls of blinking
  8746 | D:5      | Identified 3 scrolls of remove curse
  9069 | D:6      | Reached skill level 7 in Spellcasting
  9076 | D:6      | Learned a level 5 spell: Lightning Bolt
  9081 | D:6      | Learned a level 4 spell: Airstrike
  9182 | D:6      | Offered knowledge of Searing Ray by Vehumet.
  9182 | D:6      | Reached XP level 9. HP: 47/47 MP: 19/21
  9262 | D:6      | Reached skill level 4 in Air Magic
  9502 | D:6      | HP: 7/47 [electric eel/bolt of electricity (8)]
  9504 | D:6      | Killed from afar by an electric eel

Table legend:
 A = Turns spent in this place as a percentage of turns spent in the entire game.
 B = Non-inter-level travel turns spent in this place as a percentage of non-inter-level travel turns spent in the entire game.
 C = Inter-level travel turns spent in this place as a percentage of turns spent in this place.
 D = Turns resting spent in this place as a percentage of non-inter-level travel turns spent in this place.
 E = Turns spent auto-exploring this place as a percentage of non-inter-level travel turns spent in this place.
 F = Non-inter-level travel turns spent in this place divided by the number of levels of this place that you've seen.
                   A       B       C       D       E      F
               +-------+-------+-------+-------+-------+----------------------
         Total | 100.0 | 100.0 |   2.9 |  42.4 |  34.1 | 1154.1
       Dungeon |  97.6 |  98.1 |   2.4 |  43.3 |  32.8 | 1293.3
        Temple |   2.4 |   1.9 |  21.7 |   0.0 |  97.8 | 180.0
               +-------+-------+-------+-------+-------+----------------------

Table legend:
 A = Kills in this place as a percentage of kills in entire the game.
 B = Kills by you in this place as a percentage of kills by you in the entire game.
 C = Kills by friends in this place as a percentage of kills by friends in the entire game.
 D = Other kills in this place as a percentage of other kills in the entire game.
 E = Experience gained in this place as a percentage of experience gained in the entire game.
 F = Experience gained in this place divided by the number of levels of this place that you have seen.
                   A       B       C       D       E      F
               +-------+-------+-------+-------+-------+----------------------
         Total | 100.0 | 100.0 | 100.0 | 100.0 | 100.0 | 370.4
       Dungeon | 100.0 | 100.0 | 100.0 | 100.0 | 100.0 | 423.3
               +-------+-------+-------+-------+-------+----------------------

Skill      XL: |  1  2  3  4  5  6  7  8  9 |
---------------+----------------------------+-----
Conjurations   | 2 3 4 5 7 8 |  8.9
Poison Magic   | 1 2 |  2.0
Air Magic      | 1 2 3 4 |  4.2
Fighting       | 1 |  1.3
Summonings     | 5 6 |  6.0
Spellcasting   | 7 |  7.0
Dodging        | |  2.4
Stealth        | |  2.4
Translocations | |  1.1

Action                   |  1- 3 |  4- 6 |  7- 9 || total
-------------------------+-------+-------+-------++-------
Melee: Club              |       |     2 |       ||     2
       Spear             |       |     2 |    90 ||    92
 Cast: Magic Dart        |    64 |   198 |   111 ||   373
       Mephitic Cloud    |       |    21 |    41 ||    62
       Call Imp          |       |       |    46 ||    46
  Use: Potion            |       |     2 |     1 ||     3
       Scroll            |       |     1 |     6 ||     7
 Stab: Sleeping          |       |     1 |       ||     1
       Confused          |       |       |     3 ||     3
       Distracted        |       |       |     2 ||     2
  Eat: Chunk             |     1 |     9 |    11 ||    21
       Ration            |       |     1 |     1 ||     2
Armor: Robe              |     1 |     5 |    25 ||    31
Dodge: Dodged            |     4 |    25 |    87 ||   116

Vanquished Creatures
  Grinder (D:6)
  A yak (D:5)
  2 ogres
  A centaur (D:5)
  2 bullfrogs
  A wyvern zombie (D:7)
  A water moccasin zombie (D:6)
  A howler monkey (D:6)
  3 electric eels (D:6)
  A jelly (D:5)
  A centaur zombie (D:5)
  A bullfrog zombie (D:6)
  3 hounds
  A centaur skeleton (D:4)
  An orc wizard (D:5)
  2 iguanas
  4 orc priests
  Natasha (thrice) (D:2)
  3 worker ants
  Robin (D:2)
  A worker ant zombie (D:5)
  9 gnolls
  7 adders
  A shadow imp (D:6)
  2 worms
  4 dart slugs
  8 leopard geckos
  10 orcs
  2 ball pythons
  8 bats
  3 giant cockroaches
  25 goblins
  11 hobgoblins
  3 jackals (D:5)
  11 kobolds
  3 quokkas
  10 frilled lizards
  A leopard gecko skeleton (D:6)
  6 rats
159 creatures vanquished.

Vanquished Creatures (collateral kills)
  An orc warrior (D:6)
  An ice beast (D:6)
  A sky beast (D:6)
  2 bullfrogs (D:6)
  A gnoll sergeant (D:6)
  A scorpion (D:5)
  A hound (D:6)
  A worker ant (D:5)
  A howler monkey zombie (D:5)
  An adder (D:6)
  A gnoll (D:6)
  5 jackals
  A leopard gecko zombie (D:5)
18 creatures vanquished.

Grand Total: 177 creatures vanquished
